 Dungeon Crawl Stone Soup version 0.28-a0-1510-gd0f6b136d3 (webtiles) character file.

Game seed: 4173904452579405339

99 wakim the Skirmisher (level 4, -4/39 HPs)
             Began as a Palentonga Fighter on Jan 15, 2022.
             Killed from afar by Ijyb (41 damage)
             ... with a bolt of acid
             ... on level 3 of the Dungeon.
             The game lasted 00:06:41 (2081 turns).

wakim the Skirmisher (Palentonga Fighter)           Turns: 2081, Time: 00:06:42

Health: -4/39      AC:  7    Str: 20    XL:     4   Next: 45%
Magic:  4/4        EV:  7    Int:  8    God:
Gold:   43         SH:  5    Dex: 17    Spells: 3/3 levels left

rFire   . . .      SeeInvis +   a - +1 flail
rCold   . . .      Faith    .   c - +0 buckler
rNeg    . . .      Spirit   .   b - +0 scale mail
rPois   .          Reflect  .   (no helmet)
rElec   .          Harm     .   (no cloak)
rCorr   .          Rampage  .   T - +0 pair of gloves
Will    .....                   (no barding)
Stlth   ..........              (no amulet)
HPRegen 0.13/turn               W - +6 ring of dexterity
MPRegen 0.09/turn               (no ring)

@: no status effects
A: large, rugged brown scales 3, see invisible, deformed body, roll 1, armoured
tail
a: Rolling Charge


You were on level 3 of the Dungeon.
You visited 1 branch of the dungeon, and saw 3 of its levels.

You collected 43 gold pieces.

Inventory:

Hand Weapons
 a - a +1 flail (weapon)
Armour
 b - a +0 scale mail (worn)
 c - a +0 buckler (worn)
 T - a +0 pair of gloves (worn)
Jewellery
 W - a +6 ring of dexterity (left hand)
Scrolls
 X - a scroll of identify {unknown}
 Y - a scroll of teleportation {unknown}
Potions
 N - a potion of might
 R - 2 potions of degeneration {unknown}
 U - a potion of brilliance {unknown}
 V - 3 potions of curing {unknown}
 Z - a potion of heal wounds {unknown}


   Skills:
 + Level 3.6 Fighting
 * Level 3.6 Maces & Flails
 + Level 3.0 Armour
 - Level 2.4 Shields


You had 3 spell levels left.
You didn't know any spells.
Your spell library was empty.

Dungeon Overview and Level Annotations

Branches:
Dungeon (3/15)

Altars:

Shops:
D:1 *

Annotations:
D:2 Sigmund
D:3 Ijyb


Innate Abilities, Weirdness & Mutations

You are completely covered in rugged brown scales. (AC +3, +7% HP)
You have supernaturally acute eyesight. (SInv)
Armour fits poorly on your strangely shaped body.
You can roll at nearby foes to attack.
You have a long armoured tail.


Message History

The kobold barely misses you.
You hit the kobold.
You kill the kobold!
Things that are here:
a +0 club; a stone Sigmund shouts!
Sigmund laughs darkly.
Sigmund gestures at you while chanting. The puff of flame hits you.
Things that are here:
a +0 club; a stone Sigmund gestures at you while chanting.
The magic dart hits you.
There is a stone staircase leading up here.
You climb upwards.
There is a stone staircase leading down here.
HP restored.
There is a stone staircase leading down here.
You climb downwards.
Level annotation: Sigmund
There is a stone staircase leading up here.
There is a stone staircase leading down here.
You climb downwards.
Ijyb shouts!
There is a stone staircase leading up here.
You roll forward with a clatter of scales!
You hit Ijyb.
Ijyb is lightly wounded.
You hear an angry hiss.
Ijyb drinks a potion.
Ijyb flickers and vanishes for a moment.
You sock Ijyb!
Your tail-slap misses Ijyb.
Ijyb is heavily wounded.
Ijyb hits you with a +0 club.
You barely miss Ijyb. You tail-slap Ijyb.
Ijyb is severely wounded.
Ijyb zaps a wand.
The bolt of acid hits you!!!
Ouch! That really hurt!
You die...

....#. ..... .
.... .. ... #
... ..#.# #
....####.#.#.##
.........g....#
........@..#..#
..##.#°......#
###.....#
.....# #...##
..... ...##.
...#


You could see Ijyb (invisible).

Vanquished Creatures
  Jessica (D:2)
  2 adders (D:2)
  A worm (D:2)
  3 dart slugs
  3 ball pythons
  5 bats
  4 endoplasms
  3 goblins
  5 hobgoblins
  2 quokkas
  4 frilled lizards
  8 kobolds
  5 rats
46 creatures vanquished.

Notes
Turn   | Place    | Note
-------+----------+-------------------------------------------
     0 | D:1      | wakim the Palentonga Fighter began the quest for the Orb.
     0 | D:1      | Reached XP level 1. HP: 19/19 MP: 1/1
   332 | D:1      | Found Higudasi's General Store.
   363 | D:1      | Reached XP level 2. HP: 19/25 MP: 2/2
  1001 | D:1      | Found a faded altar of an unknown god.
  1005 | D:1      | Reached XP level 3. HP: 28/31 MP: 3/3
  1125 | D:2      | Noticed Sigmund
  1193 | D:2      | Noticed Jessica
  1203 | D:2      | Killed Jessica
  1225 | D:2      | Reached XP level 4. HP: 17/37 MP: 4/4
  2078 | D:3      | Noticed Ijyb
  2081 | D:3      | Killed from afar by Ijyb

Illustrated notes

Levels and vault maps discovered:
D:1:      wheals_arrival_linesprint, layout_rooms,
          hellmonk_ecumenical_altar_slurped_away, serial_shops, shop
D:2:      layout_basic, lemuel_another_geyser, uniq_jessica, uniq_sigmund,
          uniq_terence
D:3:      layout_basic, uniq_ijyb

Skill      XL: |  1  2  3  4 |
---------------+-------------+-----
Maces & Flails | 3 |  3.6
Armour         | 3 |  3.0
Fighting       | |  3.6
Shields        | |  2.4

Action                   |  1- 3 |  4- 6 || total
-------------------------+-------+-------++-------
Melee: Flail             |    90 |    44 ||   134
       Tailslap          |     7 |     3 ||    10
 Abil: Rolling Charge    |    18 |     9 ||    27
  Use: Scroll            |     4 |       ||     4
Armor: Scale mail        |    39 |    17 ||    56
Dodge: Dodged            |    29 |    11 ||    40
Block: Buckler           |    15 |     3 ||    18

Table legend: (Time is in decaauts)
 A = Elapsed time spent in this place.
 B = Non-inter-level travel time spent in this place.
 C = Inter-level travel time spent in this place.
 D = Time resting spent in this place.
 E = Time spent auto-exploring this place.
 F = Levels seen in this place.
 G = Mean time per level.
                   A        B        C        D        E       F      G
               +--------+--------+--------+--------+--------+-----+--------+
         Total |   2119 |   1965 |    154 |    282 |    750 |   3 |  706.3 |
       Dungeon |   2119 |   1965 |    154 |    282 |    750 |   3 |  706.3 |
               +--------+--------+--------+--------+--------+-----+--------+

Top non-repeatable levels by time:
     D:1: 1165 daAuts
     D:2: 951 daAuts
     D:3: 3 daAuts
